 Dungeon Crawl Stone Soup version 0.24.0-37-gcf1ca852f1 (webtiles) character file.

Game seed: 10510930628292013911, levelgen mode: deterministic

5885 grindst0ne the Slicer (level 11, -4/108 HPs)
             Began as a Kobold Berserker on Nov 21, 2019.
             Was a High Priest of Trog.
             Slain by an orc warrior
             ... wielding a +0 battleaxe
              (32 damage)
             ... in a bailey.
             The game lasted 00:15:52 (8708 turns).

grindst0ne the Slicer (Kobold Berserker)            Turns: 8708, Time: 00:15:52

Health: -4/108     AC: 14    Str: 23    XL:     11   Next: 8%
Magic:  11/11      EV: 18    Int: 13    God:    Trog [*****.]
Gold:   658        SH:  0    Dex: 16    Spells: 10/10 levels left

rFire    + . .     SeeInvis .   w - +2 dagger (venom)
rCold    . . .     Gourm    .   (shield restricted)
rNeg     . . .     Faith    .   b - +4 scale mail of Ryrras {rElec rF+}
rPois    +         Spirit   .   (no helmet)
rElec    +         Reflect  .   s - +0 cloak
rCorr    .         Harm     .   (no gloves)
MR       +....                  m - +0 pair of boots
Stlth    ..........             (no amulet)
HPRegen  0.28/turn              A - ring of Lebilais {rElec rPois Int+4 Dex+2}
MPRegen  0.12/turn              E - ring "Asya" {+Inv MR+}

@: berserking, very quick
A: small, carnivore
a: Berserk, Trog's Hand, Brothers in Arms, Renounce Religion, Evoke Invisibility


You were in a bailey.
You worshipped Trog.
Trog was extremely pleased with you.
You were very full.

You visited 1 branch of the dungeon, and saw 9 of its levels.
You also visited: Bailey.

You collected 658 gold pieces.

Inventory:

Hand Weapons
 w - a +2 dagger of venom (weapon)
Missiles
 h - 33 boomerangs (quivered)
 p - 6 throwing nets
Armour
 b - the +4 scale mail of Ryrras (worn) {rElec rF+}
   (You found it on level 4 of the Dungeon)

   It protects you from fire.
   It insulates you from electricity.
 m - a +0 pair of boots (worn)
 q - a +0 plate armour
 s - a +0 cloak (worn)
Jewellery
 A - the ring of Lebilais (left hand) {rElec rPois Int+4 Dex+2}
   (You took it off a vampire on level 7 of the Dungeon)

   [ring of intelligence]

   It affects your intelligence (+4).
   It affects your dexterity (+2).
   It insulates you from electricity.
   It protects you from poison.
 E - the ring "Asya" (right hand) {+Inv MR+}
   (You found it on level 7 of the Dungeon)

   [ring of protection from magic]

   It affects your resistance to hostile enchantments.
   It lets you turn invisible.
 F - the ring of Peace {rPois SInv}
   (You found it on level 7 of the Dungeon)

   [ring of see invisible]

   It protects you from poison.
   It lets you see invisible.
 G - the ring of Toonext {rElec rF+ Str-2 Int+9}
   (You found it on level 7 of the Dungeon)

   [ring of protection from fire]

   It affects your strength (-2).
   It affects your intelligence (+9).
   It protects you from fire.
   It insulates you from electricity.
Wands
 r - a wand of random effects (15)
 v - a wand of iceblast (21)
 y - a wand of digging (7)
 B - a wand of disintegration (9)
 D - a wand of polymorph (16)
 I - a wand of scattershot (4)
Scrolls
 a - 7 scrolls of teleportation
 f - 7 scrolls of remove curse
 k - 5 scrolls of enchant armour
 x - 2 scrolls of enchant weapon
Potions
 d - a potion of cancellation {unknown}
 e - a potion of flight
 j - 5 potions of curing
 n - 2 potions of berserk rage
 t - a potion of ambrosia {unknown}
 u - 4 potions of heal wounds
 z - a potion of lignification {unknown}
 J - a potion of brilliance {unknown}
Comestibles
 c - 16 rations


   Skills:
 + Level 10.2 Fighting
 + Level 12.0 Short Blades
 + Level 6.0 Armour
 + Level 8.6 Dodging


You had 10 spell levels left.
You didn't know any spells.
Your spell library was empty.

Dungeon Overview and Level Annotations

Branches:
Dungeon (9/15)             Temple (0/1) D:5          Bailey (1/1)
   Lair: D:8-11         Orc: D:9-12

Altars:
Ashenzari
Dithmenos
Okawaru
Trog
Xom
The Shining One

Shops:
D:7 =

Annotations:
Bailey 3 runed translucent doors


Innate Abilities, Weirdness & Mutations

You are small and have problems with some larger weapons.
You are carnivorous and can eat meat at any time.


Message History

You hit the orc warrior but do no damage.
The orc warrior looks as sick as possible!
The orc warrior is moderately wounded.
The orc warrior hits you with a +0 battleaxe!!
You hit the orc warrior but do no damage.
The orc warrior is moderately wounded.
You closely miss the orc warrior.
The orc warrior is severely wounded.
You hit the orc warrior.
The orc warrior looks as sick as possible!
The orc warrior is severely wounded.
The orc warrior hits you with a +0 battleaxe!!
* * * LOW HITPOINT WARNING * * *
A red film seems to cover your vision as you go berserk!
You feel yourself moving faster!
You feel mighty!
You feel a lot less full.
You hit the orc warrior.
The orc warrior looks as sick as possible!
The orc warrior is almost dead.
The orc warrior hits you with a +0 battleaxe!!
You die...

##.....#≈≈#
..[ #.
##....#≈..
..!≈#.
#...##≈8.
8.8##.
#...+≈≈..
..o#..
#...+g≈...
..g#..
#...+o≈...
...#..
#...##≈8.8
8.8##.
##....#≈...
..!≈#.
#.)@o.#g≈#
..:≈#.
#......####
≈≈≈ #.
#...8......#
#..
#..........'.
...
#..........#≈
##..8..8...#
##.......##
##.....##


You could see an orc warrior, a gnoll and a hobgoblin.

Vanquished Creatures
  Harold (D:8)
  An orc knight (Bailey)
  A hornet (D:9)
  A hippogriff (D:8)
  A vampire (D:7)
  A wraith (D:7)
  A wyvern (D:9)
  A hungry ghost (D:9)
  3 orc warriors
  A black bear (D:7)
  An ice beast (D:9)
  A phantom (D:8)
  3 ogres
  4 sky beasts
  5 centaurs
  A bullfrog (D:7)
  2 big kobolds
  A scorpion (D:7)
  4 howler monkeys
  4 crimson imps
  A bullfrog zombie (D:8)
  3 jellies
  5 hounds
  Crazy Yiuf (D:2)
  6 orc priests
  3 bullfrog skeletons
  4 orc wizards
  Jessica (D:2)
  Natasha (thrice) (D:2)
  4 iguanas
  Ijyb (D:3)
  Terence (D:2)
  7 worker ants
  A killer bee zombie (D:7)
  A hound zombie (D:7)
  A hound skeleton (D:5)
  2 worker ant zombies
  A gnoll (Bailey)
  4 adders
  An ooze (D:7)
  4 adder skeletons
  2 worms
  4 dart slugs
  4 leopard geckos
  23 orcs
  6 giant cockroaches
  6 goblins
  7 hobgoblins
  18 kobolds
  6 quokkas
  5 ball pythons
  4 bats
  6 frilled lizards
  A quokka zombie (D:8)
  12 rats
197 creatures vanquished.

Vanquished Creatures (collateral kills)
  Erolcha (D:9)
1 creature vanquished.

Grand Total: 198 creatures vanquished

Notes
Turn   | Place    | Note
-------+----------+-------------------------------------------
     0 | D:1      | grindst0ne the Kobold Berserker began the quest for the
                  | Orb.
     0 | D:1      | Reached XP level 1. HP: 14/14 MP: 1/1
   142 | D:1      | Reached XP level 2. HP: 14/19 MP: 2/2
   638 | D:1      | Reached XP level 3. HP: 22/24 MP: 3/3
   955 | D:2      | Found an iron altar of Okawaru.
  1359 | D:2      | Reached skill level 5 in Short Blades
  1400 | D:2      | Noticed Natasha
  1418 | D:2      | Killed Natasha
  1418 | D:2      | Reached XP level 4. HP: 25/30 MP: 4/4
  1454 | D:2      | Reached ** piety under Trog
  1459 | D:2      | Noticed Natasha
  1469 | D:2      | Killed Natasha
  1810 | D:2      | Found a runed translucent door.
  1811 | D:2      | Noticed Crazy Yiuf
  1818 | D:2      | Killed Crazy Yiuf
  1818 | D:2      | Reached XP level 5. HP: 34/34 MP: 5/5
  1894 | D:2      | Noticed Natasha
  1906 | D:2      | Killed Natasha
  1906 | D:2      | Reached skill level 5 in Fighting
  1906 | D:2      | Reached skill level 6 in Short Blades
  2007 | D:2      | Noticed Jessica
  2007 | D:2      | Noticed Terence
  2018 | D:2      | Killed Jessica
  2024 | D:2      | Killed Terence
  2024 | D:2      | Reached XP level 6. HP: 40/40 MP: 6/6
  2099 | D:2      | Noticed a moth of wrath
  2105 | D:2      | Found a bloodstained altar of Trog.
  2213 | D:3      | Found a shadowy altar of Dithmenos.
  2698 | D:3      | Found a shattered altar of Ashenzari.
  2701 | D:3      | Noticed Ijyb
  2726 | D:3      | Killed Ijyb
  2726 | D:3      | Reached skill level 7 in Short Blades
  2913 | D:3      | Reached XP level 7. HP: 21/46 MP: 7/7
  3015 | D:3      | Reached *** piety under Trog
  3464 | D:4      | Reached skill level 8 in Short Blades
  3790 | D:4      | Got a warped scale mail
  3801 | D:4      | Identified the +4 scale mail of Ryrras {rElec rF+} (You
                  | found it on level 4 of the Dungeon)
  3807 | D:4      | Found a glowing golden altar of the Shining One.
  3808 | D:4      | Found a shimmering altar of Xom.
  3971 | D:5      | Entered Level 5 of the Dungeon
  3989 | D:5      | Reached XP level 8. HP: 49/53 MP: 8/8
  4216 | D:5      | Found a staircase to the Ecumenical Temple.
  4293 | D:5      | Reached skill level 9 in Short Blades
  4841 | D:6      | Reached **** piety under Trog
  5289 | D:6      | Reached XP level 9. HP: 59/59 MP: 9/9
  5342 | D:6      | Reached skill level 5 in Dodging
  5802 | D:7      | Found Gojec's Jewellery Emporium.
  5839 | D:7      | Identified the ring of Lebilais {rElec rPois Int+4 Dex+2}
  5888 | D:7      | Reached skill level 10 in Short Blades
  6559 | D:7      | Found a shadowy altar of Dithmenos.
  6721 | D:7      | Got a pitted tin ring
  6742 | D:7      | Got a wavering golden ring
  6772 | D:7      | Identified the ring "Asya" {+Inv MR+} (You found it on
                  | level 7 of the Dungeon)
  6774 | D:7      | Identified the ring of Peace {rPois SInv} (You found it on
                  | level 7 of the Dungeon)
  6783 | D:7      | Got a twitching ivory ring
  6785 | D:7      | Identified the ring of Toonext {rElec rF+ Str-2 Int+9} (You
                  | found it on level 7 of the Dungeon)
  6957 | D:8      | Noticed Harold
  6989 | D:8      | Killed Harold
  6989 | D:8      | Reached skill level 11 in Short Blades
  6989 | D:8      | Reached skill level 5 in Armour
  6989 | D:8      | Reached XP level 10. HP: 66/66 MP: 10/10
  8389 | D:9      | Reached skill level 10 in Fighting
  8407 | D:9      | Found a flagged portal.
  8408 | D:9      | Noticed Erolcha
  8417 | D:9      | Killed Erolcha
  8432 | Bailey   | Entered a bailey
  8450 | Bailey   | Noticed an orc warlord
  8505 | Bailey   | Reached XP level 11. HP: 65/72 MP: 11/11
  8583 | Bailey   | Noticed an orc knight
  8609 | Bailey   | Killed an orc knight
  8609 | Bailey   | Reached skill level 12 in Short Blades
  8611 | Bailey   | Reached ***** piety under Trog
  8680 | Bailey   | Found a runed translucent gate.
  8682 | Bailey   | Found a runed translucent gate.
  8683 | Bailey   | Found a runed translucent gate.
  8708 | Bailey   | Slain by an orc warrior

Levels and vault maps discovered:
D:1:      dpeg_arrival_signposts, layout_basic, minmay_shallow_snake_nest
D:2:      layout_rooms, tgw_trog, first_ration, hangedman_decor_riveting,
          okawaru_gym_becter, uniq_terence, uniq_natasha, uniq_jessica,
          uniq_crazy_yiuf_cottage
D:3:      layout_loops_ring, overflow_temple_1_default,
          cheibrodos_ashenzari_chains, uniq_ijyb
D:4:      layout_rooms, gammafunk_temple_overflow_pools, minmay_unequal
D:5:      layout_rooms, temple_doors_ab, nrook_pool_corridor
D:6:      nicolae_whirlpool, layout_basic
D:7:      minmay_the_grid_triangle_9x9_recursive_2
          [minmay_the_grid_triangle_9x9_prize_special,
          minmay_the_grid_triangle_9x9_cache,
          minmay_the_grid_triangle_9x9_windchime,
          minmay_the_grid_triangle_9x9_swiss_cheese], layout_rooms,
          serial_shops, kennysheep_mini, nicolae_dithmenos_shadow_blocks
D:8:      layout_basic, uniq_harold
D:9:      layout_roguey, enter_bailey_2, the_bakery, uniq_erolcha
Bailey:   bailey_axe_bossmonster_kennysheep, bailey

Skill      XL: |  1  2  3  4  5  6  7  8  9 10 11 |
---------------+----------------------------------+-----
Fighting       | 4 5 6 7 9 10 | 10.2
Short Blades   | 5 6 7 8 9 11 12 | 12.0
Dodging        | 4 7 8 |  8.6
Armour         | 3 5 6 |  6.0

Action                   |  1- 3 |  4- 6 |  7- 9 | 10-12 || total
-------------------------+-------+-------+-------+-------++-------
Melee: Short sword       |    94 |       |       |       ||    94
       Dagger            |    11 |   145 |   521 |   319 ||   996
Invok: Berserk           |     1 |     5 |     7 |     5 ||    18
       Trog's Hand       |       |       |       |     1 ||     1
       Brothers in Arms  |       |       |       |     1 ||     1
Evoke: Wand              |       |       |       |     6 ||     6
  Use: Scroll            |       |       |     7 |     6 ||    13
       Potion            |       |       |       |     2 ||     2
  Eat: Chunk             |     5 |    13 |    21 |    18 ||    57
Armor: Animal skin       |     3 |       |       |       ||     3
       Ring mail         |    36 |    29 |       |       ||    65
       Chain mail        |       |    14 |    18 |       ||    32
       Scale mail        |       |       |   102 |    58 ||   160
Dodge: Dodged            |    71 |    78 |   226 |   160 ||   535
